 Dungeon Crawl Stone Soup version 0.21-a0-538-gd16b88a (webtiles) character file.

73096 Marduk the Warrior (level 15, -2/171 HPs)
             Began as an Ogre Transmuter on Dec 14, 2017.
             Was a High Priest of Okawaru.
             Slain by a vault guard
             ... wielding a +0 great mace
              (16 damage)
             ... on level 14 of the Dungeon on Dec 16, 2017.
             The game lasted 00:57:03 (28322 turns).

Marduk the Warrior (Ogre Transmuter)               Turns: 28322, Time: 00:57:03

Health: -2/171     AC:  2    Str: 18    XL:     15   Next: 42%
Magic:  24/27      EV: 32    Int: 19    God:    Okawaru [*****.]
Gold:   763        SH:  0    Dex: 14    Spells: 9/31 levels left

rFire    . . .     SeeInvis .     - Unarmed
rCold    . . .     Gourm    +   (shield currently unavailable)
rNeg     . . .     Faith    .   (armour currently unavailable)
rPois    .         Spirit   .   (helmet currently unavailable)
rElec    .         Reflect  .   (cloak currently unavailable)
rCorr    .         Harm     .   (gloves unavailable)
MR       +....                  (boots unavailable)
Stlth    ++++......             R - amulet of the gourmand
HPRegen  0.38/turn              h - ring of poison resistance
MPRegen  0.20/turn              b - ring of stealth

@: spider-form, heroism, studying Armour
A: tiny, unfitting armour
a: End Transformation, Heroism, Finesse, Renounce Religion


You were on level 14 of the Dungeon.
You worshipped Okawaru.
Okawaru was extremely pleased with you.
You were completely stuffed.
You were a venomous arachnid creature.
You visited 4 branches of the dungeon, and saw 23 of its levels.
You also visited: Bailey.

You collected 1505 gold pieces.
You spent 742 gold pieces at shops.

Inventory:

Hand Weapons
 y - the +7 bardiche of Waanir {holy, +Blink rN++ MR- Dex+3}
   (You found it in a bailey)

   It has been blessed by the Shining One to cause great damage to the undead
   and demons.
   It affects your dexterity (+3).
   It greatly protects you from negative energy.
   It affects your resistance to hostile enchantments.
   It lets you blink.
Missiles
 a - 236 arrows
 N - 5 javelins of penetration
Armour
 c - a scarf of spirit shield (melded)
 p - a +2 robe of magic resistance
 z - a +1 troll leather armour (melded) {Snorg}
 G - +0 fire dragon scales
 S - a +2 hat of see invisible (melded)
 V - the +3 hat of Pondering {ponderous, MR+ MP+10 Int+5}
   (You took it off Gastronok on level 3 of the Lair of Beasts)

   It affects your intelligence (+5).
   It affects your resistance to hostile enchantments.
   It affects your magic capacity (+10).
Jewellery
 b - a ring of stealth (right front leg)
 h - a ring of poison resistance (left front leg)
 P - an uncursed ring of ice
 R - an amulet of the gourmand (around neck)
Wands
 e - a wand of random effects (38)
 q - a wand of digging (10)
 t - a wand of iceblast (21)
 A - a wand of acid (9)
 F - a wand of scattershot (10)
 O - a wand of flame (14)
Scrolls
 f - 5 scrolls of identify
 m - a scroll of fear
 n - 3 scrolls of fog
 o - 15 scrolls of remove curse
 w - 2 scrolls of enchant armour
 x - 8 scrolls of teleportation
 B - a scroll of blinking
 J - a scroll of silence
 L - a scroll of magic mapping
Potions
 d - a potion of magic
 i - 4 potions of lignification
 s - 3 potions of mutation
 u - 5 potions of haste
 v - 2 potions of brilliance
 C - 2 potions of flight
 E - a potion of ambrosia
 H - a potion of agility
 K - a potion of might
 Q - 2 potions of resistance
 T - a potion of cancellation
Books
 I - a book of Party Tricks

   Spells                             Type                      Level
   a - Summon Butterflies             Summoning                    1
   b - Apportation                    Translocation                1
   c - Lesser Beckoning               Translocation                3
   d - Tukima's Dance                 Hexes                        3
   e - Alistair's Intoxication        Transmutation/Poison         5
   f - Invisibility                   Hexes                        6
 M - a book of Battle

   Spells                             Type                      Level
   a - Infusion                       Charms                       1
   b - Shroud of Golubria             Charms/Translocation         2
   c - Song of Slaying                Charms                       2
   d - Spectral Weapon                Hexes/Charms                 3
   e - Regeneration                   Charms/Necromancy            3
 W - a manual of Armour
Comestibles
 g - 8 meat rations
 k - 16 royal jellies
 r - 17 fruits
 D - 6 bread rations


   Skills:
 - Level 16.4(21.4) Fighting
 - Level 10.1(15.1) Dodging
 - Level 12.8(17.8) Unarmed Combat
 - Level 8.7 Spellcasting
 + Level 9.7 Transmutations
 * Level 6.7 Earth Magic
 - Level 2.4 Poison Magic
 - Level 6.0 Invocations


You had 9 spell levels left.
You knew the following spells:

 Your Spells              Type           Power        Failure   Level  Hunger
a - Passwall              Tmut/Erth      #####.....   3%          2    None
b - Sticks to Snakes      Tmut           #####...     2%          2    None
c - Spider Form           Tmut/Pois      ####......   8%          3    None
d - Summon Butterflies    Summ           #.......     22%         1    None
e - Ice Form              Ice/Tmut       ####....     28%         4    ###....
f - Apportation           Tloc           #.....       22%         1    None
g - Regeneration          Chrm/Necr      #.........   47%         3    None
h - Statue Form           Tmut/Erth      #####....    63%         6    ######.


Dungeon Overview and Level Annotations

Branches:
Dungeon (14/15)            Temple (1/1) D:4            Lair (6/6) D:11
  Swamp (0/4) Lair:2        Snake (0/4) Lair:3        Slime (0/5) Lair:6
    Orc (2/2) D:11            Elf (0/3) Orc:2        Vaults (0/5) D:14

Altars:
Ashenzari
Cheibriados
Dithmenos
Elyvilon
Fedhas
Gozag
Hepliaklqana
Kikubaaqudgha
Makhleb
Nemelex Xobeh
Okawaru
Qazlal
Ru
Sif Muna
Trog
Uskayaw
Vehumet
Wu Jian
Xom
Yredelemnul
Zin
The Shining One
Jiyva

Shops:
D:10 :   Orc:1 *   Orc:2 (:[*

Annotations:
D:5 exclusion: door
Lair:3 exclusion: oklob plant
Lair:4 exclusion: oklob plant


Innate Abilities, Weirdness & Mutations

You are too large for most types of armour.
((You have tough skin. (AC +1)))


Message History

You feel better. The vault guard closely misses you.
You bite the vault guard!
You kill the vault guard!
Okawaru accepts your kill.
Unknown command.
You hit the vault guard but do no damage.
The vault guard is poisoned.
The vault guard completely misses you.
You bite the vault guard!
The vault guard is lightly wounded.
You maul the vault guard!!!
The vault guard looks as sick as possible!
The vault guard is severely wounded.
The vault guard closely misses you.
The vault guard hits you with a great mace!!
* * * LOW HITPOINT WARNING * * *
Unknown command.
Unknown command.
You feel better.
The vault guard hits you with a great mace!
You die...

#..# #....... #..# #.######
##########..######.#
...................#
..................#
..................#
####.............###### #
#................... ##.
#.ps................
###...#####.............######
....∩.)))...............#
###...#########.........# ##.
##..#.........# #
#...#.........######
##.######...##'###..........
.................#..........
#########.........######....>


You could see a vault guard.

Vanquished Creatures
  Rupert (Lair:3)
  Gastronok (Lair:3)
  2 orc warlords (Orc:2)
  Snorg (Lair:5)
  A fire dragon (Lair:6)
  7 vault guards (D:14)
  6 hydras
  Harold (Orc:1)
  A centaur warrior (D:14)
  The ghost of Statics the Grappler, a novice TrFi of Cheibriados (D:8)
  A two-headed ogre (D:12)
  3 orc high priests (Orc:2)
  Urug (Lair:3)
  An unseen horror (D:10)
  A wizard (D:11)
  2 lindwurms
  A swamp dragon (Lair:2)
  Pikel (D:8)
  5 orc knights
  2 deep elf magi (D:13)
  3 ugly things
  2 manticores (D:11)
  A cyclops (D:12)
  2 orc sorcerers (Orc:2)
  5 elephants
  8 black mambas
  2 molten gargoyles (Lair:6)
  3 gargoyles
  6 spiny frogs
  2 rime drakes
  11 komodo dragons
  A queen bee (D:9)
  5 trolls
  3 meliai (D:13)
  2 polar bears (Lair:6)
  A hornet (D:12)
  13 blink frogs
  4 dream sheep
  13 hippogriffs
  51 yaks
  2 wraiths
  3 wyverns
  4 basilisks (Lair:6)
  A steam dragon (D:9)
  4 hungry ghosts
  3 nagas (Lair:3)
  3 wargs (Orc:2)
  An acid dragon (D:12)
  Edmund (D:4)
  9 porcupines
  4 hell hounds (Lair:6)
  5 water moccasins
  37 orc warriors
  5 ice beasts
  A hornet zombie (D:8)
  2 phantoms
  3 necrophages
  15 ogres
  4 centaurs
  14 crocodiles
  Blork the orc (D:6)
  A big kobold (D:14)
  11 bullfrogs
  A wyvern skeleton (D:12)
  2 troll zombies (D:11)
  7 scorpions
  39 killer bees
  4 wights (D:6)
  A howler monkey (D:8)
  5 lava snakes (Lair:6)
  3 crimson imps
  A centaur skeleton (D:4)
  2 centaur zombies
  5 hounds
  A jelly (D:10)
  A quasit (D:11)
  14 orc priests
  6 iguanas
  13 orc wizards
  6 worker ants
  6 ogre zombies (D:11)
  A hound zombie (D:9)
  4 gnolls
  A howler monkey skeleton (D:11)
  12 adders
  An ooze (D:4)
  2 adder zombies
  2 adder skeletons
  2 dart slugs
  A worm (D:4)
  3 leopard geckos
  83 orcs
  5 giant cockroaches
  13 goblins
  6 hobgoblins
  25 jackals
  8 quokkas
  3 ball pythons
  7 frilled lizards
  3 goblin skeletons (D:11)
  2 goblin zombies (D:11)
  A jackal skeleton (D:6)
  13 kobolds
  5 orc skeletons (D:11)
  15 orc zombies (D:11)
  A quokka skeleton (D:5)
  6 rats
  3 plants
657 creatures vanquished.

Vanquished Creatures (collateral kills)
  An ogre (D:5)
  3 gnolls (D:3)
  A goblin (D:3)
5 creatures vanquished.

Vanquished Creatures (others)
  13 fungi
  5 plants
18 creatures vanquished.

Grand Total: 680 creatures vanquished

Notes
Turn   | Place    | Note
-------+----------+-------------------------------------------
     0 | D:1      | Marduk the Ogre Transmuter began the quest for the Orb.
     0 | D:1      | Reached XP level 1. HP: 19/19 MP: 3/3
   457 | D:1      | Reached XP level 2. HP: 25/28 MP: 3/5
   643 | D:1      | Learned a level 2 spell: Sticks to Snakes
   650 | D:1      | Reached skill level 2 in Fighting
   898 | D:1      | Reached XP level 3. HP: 28/35 MP: 5/7
  1123 | D:1      | Learned a level 3 spell: Spider Form
  2431 | D:2      | Reached XP level 4. HP: 41/44 MP: 1/8
  2884 | D:2      | Found a sparkling altar of Nemelex Xobeh.
  2962 | D:2      | Reached skill level 3 in Fighting
  2979 | D:2      | Found a hide-covered altar of Uskayaw.
  3209 | D:3      | Reached XP level 5. HP: 51/53 MP: 1/10
  3243 | D:3      | Found a white marble altar of Elyvilon.
  3276 | D:3      | Found an ornate altar of the Wu Jian Council.
  3383 | D:3      | Found a hide-covered altar of Uskayaw.
  3477 | D:3      | Found a shattered altar of Ashenzari.
  4070 | D:4      | Noticed a phantom
  4118 | D:5      | Entered Level 5 of the Dungeon
  4140 | D:5      | Killed a phantom
  4140 | D:5      | Reached skill level 4 in Fighting
  4140 | D:5      | Reached skill level 1 in Poison Magic
  4140 | D:5      | Reached XP level 6. HP: 19/62 MP: 6/11
  4393 | D:4      | Noticed Edmund
  4437 | D:4      | Killed Edmund
  4437 | D:4      | Reached skill level 5 in Fighting
  5005 | D:4      | Reached XP level 7. HP: 56/72 MP: 9/12
  5160 | D:4      | Found a staircase to the Ecumenical Temple.
  5202 | Temple   | Entered the Ecumenical Temple
  5296 | Temple   | Became a worshipper of Warmaster Okawaru
  5586 | D:5      | Found a sparkling altar of Nemelex Xobeh.
  5637 | D:5      | Reached skill level 6 in Fighting
  6013 | D:5      | Noticed a troll
  6024 | D:5      | Killed a troll
  6024 | D:5      | Reached * piety under Okawaru
  6024 | D:5      | Reached XP level 8. HP: 53/84 MP: 9/13
  6743 | D:5      | Reached skill level 7 in Fighting
  7130 | D:6      | Found a shattered altar of Ashenzari.
  7542 | D:6      | Reached skill level 8 in Fighting
  7559 | D:6      | Found a stormy altar of Qazlal.
  7595 | D:6      | Reached skill level 5 in Unarmed Combat
  7699 | D:6      | Reached XP level 9. HP: 88/97 MP: 8/14
  7745 | D:6      | Noticed Blork the orc
  7747 | D:6      | Reached skill level 5 in Dodging
  7754 | D:6      | Killed Blork the orc
  8122 | D:7      | Found a shadowy altar of Dithmenos.
  8163 | D:7      | Reached skill level 9 in Fighting
  8184 | D:7      | Reached ** piety under Okawaru
  8238 | D:7      | Found an opulent altar of Gozag.
  8569 | D:7      | Noticed a gargoyle
  8583 | D:7      | Killed a gargoyle
  8790 | D:7      | Reached skill level 10 in Fighting
  9086 | D:8      | Reached skill level 1 in Invocations
  9162 | D:8      | Reached XP level 10. HP: 97/109 MP: 11/15
  9335 | D:8      | Noticed Statics's ghost (novice TrFi)
  9347 | D:8      | Killed Statics's ghost
  9347 | D:8      | Reached *** piety under Okawaru
  9395 | D:8      | Noticed Pikel
  9409 | D:8      | Killed Pikel
  9409 | D:8      | Reached **** piety under Okawaru
  9523 | D:8      | Found a basalt altar of Yredelemnul.
  9523 | D:8      | Found a glowing golden altar of the Shining One.
  9539 | D:8      | Noticed a profane servitor
  9547 | D:8      | Noticed an angel
  9603 | D:9      | Found a blossoming altar of Fedhas.
 10041 | D:9      | Reached skill level 5 in Invocations
 10365 | D:9      | Reached ***** piety under Okawaru
 10536 | D:9      | Reached XP level 11. HP: 101/114 MP: 13/16
 10831 | D:10     | Entered Level 10 of the Dungeon
 11036 | D:10     | Killed an unseen horror
 11258 | D:10     | Found Kugolari's Book Boutique.
 11400 | D:10     | Upgraded the game from 0.21-a0-536-gdbbf329 to 0.21-a0-538-gd16b88a
 11865 | D:10     | Learned a level 2 spell: Passwall
 11867 | D:10     | Learned a level 1 spell: Summon Butterflies
 12062 | D:11     | Found a staircase to the Lair.
 12151 | D:11     | Noticed a manticore
 12157 | D:11     | Noticed a wizard
 12164 | D:11     | Killed a manticore
 12180 | D:11     | Killed a wizard
 12180 | D:11     | Reached skill level 11 in Fighting
 12268 | D:11     | Received a gift from Okawaru
 13165 | D:11     | Found a staircase to the Orcish Mines.
 13272 | D:11     | Noticed a manticore
 13302 | D:11     | Killed a manticore
 13302 | D:11     | Reached skill level 12 in Fighting
 13468 | D:11     | Reached XP level 12. HP: 105/132 MP: 14/17
 13939 | Lair:1   | Entered Level 1 of the Lair of Beasts
 13956 | Lair:1   | Reached skill level 10 in Unarmed Combat
 14314 | Lair:1   | Reached skill level 10 in Dodging
 14760 | Lair:1   | Learned a level 4 spell: Ice Form
 15248 | Lair:2   | Noticed a six-headed hydra
 15259 | Lair:2   | Killed a six-headed hydra
 15259 | Lair:2   | Received a gift from Okawaru
 15330 | Lair:2   | Reached skill level 13 in Fighting
 15471 | Lair:2   | Noticed a five-headed hydra
 15484 | Lair:2   | Killed a five-headed hydra
 15659 | Lair:2   | Reached skill level 5 in Spellcasting
 16001 | Lair:2   | Found a staircase to the Swamp.
 16361 | Lair:2   | Reached skill level 5 in Transmutations
 16799 | Lair:3   | Found a staircase to the Snake Pit.
 16997 | Lair:3   | Noticed Gastronok
 17013 | Lair:3   | Noticed Rupert
 17014 | Lair:3   | Killed Gastronok
 17014 | Lair:3   | Reached XP level 13. HP: 75/145 MP: 17/22
 17019 | Lair:3   | Paralysed by Rupert for 3 turns
 17314 | Lair:3   | Found a sparkling altar of Nemelex Xobeh.
 17438 | Lair:3   | Reached skill level 14 in Fighting
 17463 | Lair:3   | Killed Rupert
 17664 | Lair:3   | Noticed Urug
 17678 | Lair:3   | Killed Urug
 18227 | Lair:4   | You fall through a shaft!
 18227 | Lair:5   | Noticed Snorg
 18249 | Lair:5   | Killed Snorg
 18290 | Lair:5   | Received a gift from Okawaru
 19353 | Lair:6   | Entered Level 6 of the Lair of Beasts
 19909 | Lair:5   | Reached XP level 14. HP: 60/157 MP: 23/26
 20077 | Lair:6   | Reached skill level 15 in Fighting
 20537 | Lair:6   | Received a gift from Okawaru
 20584 | Lair:6   | Found a staircase to the Slime Pits.
 20585 | Lair:6   | Found a viscous altar of Jiyva.
 20929 | Lair:6   | Reached skill level 1 in Earth Magic
 21750 | Lair:6   | Found a large runed door.
 21751 | Lair:6   | Found a large runed door.
 22559 | Orc:1    | Entered Level 1 of the Orcish Mines
 22559 | Orc:1    | Found Jeokhlic's Assorted Antiques.
 22566 | Orc:1    | Bought a golden potion for 22 gold pieces
 22567 | Orc:1    | Bought a runed scarf for 200 gold pieces
 22704 | Orc:1    | Noticed Harold
 22719 | Orc:1    | Killed Harold
 22748 | Orc:2    | Entered Level 2 of the Orcish Mines
 22781 | Orc:2    | Noticed an orc warlord
 22802 | Orc:2    | Killed an orc warlord
 23204 | Orc:2    | Found Ablom Eto's Antique Weapon Shoppe.
 23232 | Orc:2    | Found a staircase to the Elven Halls.
 23421 | Orc:2    | Found Mucvin's Antique Armour Emporium.
 23717 | Orc:2    | Noticed an orc warlord
 23719 | Orc:2    | Found Nudus's Book Shoppe.
 23751 | Orc:2    | Killed an orc warlord
 23767 | Orc:2    | Reached skill level 16 in Fighting
 24205 | Orc:2    | Received a gift from Okawaru
 24309 | Orc:2    | Found Istril's General Store.
 24554 | Orc:2    | Bought a book of Battle for 520 gold pieces
 24556 | Orc:2    | Learned a level 1 spell: Apportation
 24560 | Orc:2    | Learned a level 3 spell: Regeneration
 24743 | Lair:5   | Learned a level 6 spell: Statue Form
 25057 | D:12     | Reached XP level 15. HP: 157/170 MP: 24/27
 25101 | D:12     | Found a flagged portal.
 25114 | Bailey   | Entered a bailey
 25925 | Bailey   | Got a crude bardiche
 25926 | Bailey   | Identified the +7 bardiche of Waanir {holy, +Blink rN++ MR- Dex+3} (You found it in a bailey)
 27272 | D:13     | Reached skill level 5 in Earth Magic
 27887 | D:14     | Received a gift from Okawaru
 28251 | D:14     | Found a gate to the Vaults.
 28318 | D:14     | HP: 2/171 [vault guard/great mace (21)]
 28322 | D:14     | Slain by a vault guard

Vault maps used:
D:1:      lemuel_arrival_rhombus, minmay_pentomino_p4
D:2:      nemelex_xobeh_ov_fountains_minmay, lemuel_coloured_pillars_altar,
          minmay_distorted
D:3:      overflow_temple_1_default, elyvilon_altar_4,
          overflow_temple_1_default, lemuel_tele_altar
D:4:      temple_green, grunt_ministairs_6, uniq_edmund
D:5:      cheibrodos_two_vegetables, first_bread, basic_altar
D:6:      nicolae_qazlal_general_emergency, ashenzari_altar_1,
          uniq_blork_the_orc
D:7:      nicolae_dithmenos_shadow_blocks,
          nicolae_gozag_cash_rules_everything_around_me
D:8:      grunt_temple_overflow_holy_war, uniq_pikel
D:9:      fedhas_altar_2, david_nohive_1, minivault_16
D:10:     serial_shops, shop, hex_large
D:11:     david_lair_shrubbed, zombieorc2_lemuel, minmay_misc_feat_iff,
          grunt_ministairs_15, minmay_checkerbox
D:12:     enter_bailey_2
D:14:     erik_vaults_2, item_on_display_a
Temple:   jpeg_temple_clearing
Lair:1:   wad_woods_river_01
Lair:2:   minmay_swamp_entry_reptiles, minmay_lindwurm_lava, lemuel_fruit_tree,
          infiniplex_staircase_pool_2
Lair:3:   guppyfry_snake_entry_garden, st_stairs_11, lemuel_oklob_altar,
          uniq_urug, uniq_rupert, uniq_gastronok
Lair:5:   grunt_megastairs_2, uniq_snorg
Lair:6:   cheibrodos_lair_end_hotspot, slime_altar_1
Orc:1:    serial_shops, nicolae_shop_overgrown_old_shop, uniq_harold
Orc:2:    grunt_orc_gardens, grunt_orc_garden, grunt_orc_garden,
          grunt_orc_garden, grunt_orc_garden, nicolae_orc_sculptors_studio,
          nicolae_orc_tapped_out
Bailey:   bailey_polearm_2, bailey

Skill      XL: |  1  2  3  4  5  6  7  8  9 10 11 12 13 14 15 |
---------------+----------------------------------------------+-----
Transmutations | 2 3 5 7 8 9 |  9.7
Fighting       | 2 3 4 5 6 8 10 12 13 14 16 | 16.4
Spellcasting   | 3 6 8 |  8.7
Poison Magic   | 1 2 |  2.4
Dodging        | 2 3 4 6 8 9 10 | 10.1
Unarmed Combat | 4 5 6 8 9 11 12 | 12.8
Invocations    | 2 6 |  6.0
Earth Magic    | 4 6 |  6.7

Action                   |  1- 3 |  4- 6 |  7- 9 | 10-12 | 13-15 || total
-------------------------+-------+-------+-------+-------+-------++-------
Melee: Unarmed           |   174 |   139 |   354 |   749 |   986 ||  2402
       Kick              |    17 |       |       |       |       ||    17
       Headbutt          |     6 |     1 |       |       |       ||     7
       Punch             |     1 |       |     1 |     5 |     5 ||    12
Throw: Stone             |     3 |       |       |       |       ||     3
 Cast: Beastly Appendage |    26 |     1 |       |       |       ||    27
       Spider Form       |     5 |    24 |    41 |    79 |    90 ||   239
       Sticks to Snakes  |       |     6 |     1 |     1 |     1 ||     9
       Ice Form          |       |       |       |       |     5 ||     5
       Regeneration      |       |       |       |       |     1 ||     1
Invok: Heroism           |       |       |     9 |    29 |    43 ||    81
       Finesse           |       |       |       |     3 |     8 ||    11
 Abil: End Transformatio |       |       |       |       |     1 ||     1
Evoke: Wand              |       |     1 |       |       |     7 ||     8
  Use: Scroll            |       |     5 |    10 |    10 |     6 ||    31
       Potion            |       |     1 |       |     7 |    13 ||    21
 Stab: Sleeping          |     1 |     1 |     1 |     1 |     9 ||    13
       Invisible         |       |       |       |       |    14 ||    14
       Distracted        |       |       |       |       |     2 ||     2
  Eat: Chunk             |     6 |     8 |    12 |    31 |    37 ||    94
       Bread ration      |       |     1 |       |       |       ||     1
       Meat ration       |       |       |     2 |     3 |       ||     5
Armor: Robe              |    35 |     9 |       |       |       ||    44
       Skin              |     1 |     3 |    10 |    60 |    31 ||   105
       Troll leather arm |       |       |    19 |    15 |     8 ||    42
Dodge: Dodged            |    94 |    90 |   387 |   682 |  1036 ||  2289

Table legend:
 A = Spawn XP
 B = Non-spawn XP
 C = Spawn XP percentage of total XP
 D = Spawn monster count
 E = Non-spawn monster count
 F = Spawn count percentage of total count
 G = Total turns spent on level
                    A         B        C        D         E        F      G
               +---------+---------+-------+---------+---------+-------+---------
         Total |       0 |  104424 |   0.0 |       0 |     659 |   0.0 | 28322
               +---------+---------+-------+---------+---------+-------+---------
           D:1 |       0 |      53 |   0.0 |       0 |      33 |   0.0 |  1933
           D:2 |       0 |      89 |   0.0 |       0 |      24 |   0.0 |  1255
           D:3 |       0 |      70 |   0.0 |       0 |      16 |   0.0 |   703
           D:4 |       0 |     446 |   0.0 |       0 |      22 |   0.0 |  1391
           D:5 |       0 |     745 |   0.0 |       0 |      11 |   0.0 |  1375
           D:6 |       0 |    1143 |   0.0 |       0 |      27 |   0.0 |  1013
           D:7 |       0 |    1353 |   0.0 |       0 |      25 |   0.0 |  1220
           D:8 |       0 |    2800 |   0.0 |       0 |      25 |   0.0 |   568
           D:9 |       0 |    2900 |   0.0 |       0 |      39 |   0.0 |  1268
          D:10 |       0 |    1743 |   0.0 |       0 |      16 |   0.0 |  1168
          D:11 |       0 |    7840 |   0.0 |       0 |      95 |   0.0 |  2064
          D:12 |       0 |    5166 |   0.0 |       0 |      31 |   0.0 |  1100
          D:13 |       0 |    6219 |   0.0 |       0 |      28 |   0.0 |  1074
          D:14 |       0 |    8367 |   0.0 |       0 |      18 |   0.0 |   475
        Lair:1 |       0 |    4301 |   0.0 |       0 |      18 |   0.0 |  1749
        Lair:2 |       0 |    6730 |   0.0 |       0 |      25 |   0.0 |  1220
        Lair:3 |       0 |   10395 |   0.0 |       0 |      19 |   0.0 |  1104
        Lair:4 |       0 |     660 |   0.0 |       0 |       4 |   0.0 |   482
        Lair:5 |       0 |   11171 |   0.0 |       0 |      32 |   0.0 |  1675
        Lair:6 |       0 |   16009 |   0.0 |       0 |      59 |   0.0 |  2527
         Orc:1 |       0 |     960 |   0.0 |       0 |       1 |   0.0 |   548
         Orc:2 |       0 |   13670 |   0.0 |       0 |      66 |   0.0 |  1486
        Bailey |       0 |    1594 |   0.0 |       0 |      25 |   0.0 |   819
               +---------+---------+-------+---------+---------+-------+---------
